 Dungeon Crawl Stone Soup version 0.26-a0-710-g95a0c6c400 (webtiles) character file.

Game seed: 11685051171871242279

93674 robertstho the Severer (level 15, -7/149 HPs)
             Began as a Minotaur Berserker on Oct 30, 2020.
             Was a High Priest of Trog.
             Shot with an arrow by a deep elf archer (19 damage)
             ... on level 1 of the Elven Halls.
             The game lasted 00:30:25 (23633 turns).

robertstho the Severer (Minotaur Berserker)        Turns: 23633, Time: 00:30:26

Health: -7/149     AC: 25    Str: 27    XL:     15   Next: 61%
Magic:  14/14      EV: 10    Int:  5    God:    Trog [*****.]
Gold:   745        SH:  5    Dex: 10    Spells: 14/14 levels left

rFire    + + +     SeeInvis .   N - +3 battleaxe of the Scavenger {vorpal, rF++}
rCold    + . .     Faith    .   (shield currently unavailable)
rNeg     . . .     Spirit   .   e - +2 plate armour {rPois}
rPois    +         Reflect  +   x - +2 hat {MR+}
rElec    .         Harm     .   G - scarf {rC+ rF+}
rCorr    .         Rampage  .   f - +0 pair of gloves
MR       +++..                  u - +0 pair of boots
Stlth    ..........             s - amulet of reflection
HPRegen  0.34/turn              v - ring of protection from magic
MPRegen  0.14/turn              (no ring)

@: berserk cooldown, slowed, lightly drained, invisible, very slow
A: retaliatory headbutt, horns 2
a: Berserk, Trog's Hand, Brothers in Arms, Renounce Religion


You were on level 1 of the Elven Halls.
You worshipped Trog.
Trog was extremely pleased with you.
You visited 4 branches of the dungeon, and saw 20 of its levels.

You collected 2067 gold pieces.
You spent 1322 gold pieces at shops.

Inventory:

Hand Weapons
 b - the +10 broad axe "Gemyixis" {freeze, rElec Int+3}
   (You bought it in a shop on level 9 of the Dungeon)

   It has been specially enchanted to freeze those struck by it, causing extra
   injury to most foes and up to half again as much damage against particularly
   susceptible opponents.
   It can also slow down cold-blooded creatures.
   It affects your intelligence (+3).
   It insulates you from electricity.
 E - a +5 battleaxe of flaming
 N - the +3 battleaxe of the Scavenger (weapon) {vorpal, rF++}
   (You bought it in a shop on level 9 of the Dungeon)

   It inflicts extra damage upon your enemies.
   It greatly protects you from fire.
Missiles
 r - 33 poisoned darts (quivered)
Armour
 e - a +2 plate armour of poison resistance (worn)
 f - a +0 pair of gloves (worn)
 j - a +1 chain mail of fire resistance
 u - a +0 pair of boots (worn)
 x - a +2 hat of magic resistance (worn)
 A - a scarf of invisibility
 G - a scarf of resistance (worn)
 O - the +1 plate armour of Gikkiutz {MR+}
   (You found it on level 3 of the Lair of Beasts)

   It affects your resistance to hostile enchantments.
Jewellery
 s - an amulet of reflection (around neck)
 v - a ring of protection from magic (left hand)
Wands
 c - a wand of iceblast (9)
 m - a wand of digging (18)
 F - a wand of disintegration (26)
Scrolls
 a - 3 scrolls of enchant weapon
 g - 4 scrolls of teleportation {unknown}
 h - 5 scrolls of magic mapping
 k - 2 scrolls of random uselessness {unknown}
 l - 2 scrolls of immolation
 p - 7 scrolls of enchant armour
 q - 4 scrolls of remove curse
 y - 2 scrolls of blinking
 C - 2 scrolls of fear
 H - 2 scrolls of fog
Potions
 d - 6 potions of curing
 i - 3 potions of haste
 n - a potion of flight
 t - 2 potions of mutation
 w - 3 potions of stabbing
 B - 3 potions of cancellation
 D - 2 potions of invisibility
 I - 3 potions of might
Miscellaneous
 M - a tin of tremorstones (3/3)


   Skills:
 * Level 18.0(17.3) Fighting
 + Level 19.1(18.4) Axes
 + Level 2.2(1.7) Throwing
 * Level 17.2(16.6) Armour
 + Level 5.3(4.8) Dodging
 + Level 1.8(1.3) Stealth


You had 14 spell levels left.
You didn't know any spells.
Your spell library was empty.

Dungeon Overview and Level Annotations

Branches:
Dungeon (11/15)            Temple (0/1) D:5            Lair (6/6) D:10
 Shoals (0/4) Lair:4       Spider (0/4) Lair:2        Slime (0/5) Lair:6
    Orc (2/2) D:10            Elf (1/3) Orc:2

Altars:
Ashenzari
Cheibriados
Dithmenos
Fedhas
Gozag
Makhleb
Nemelex Xobeh
Qazlal
Trog
Uskayaw
Vehumet
Yredelemnul
Zin
The Shining One

Shops:
D:8 :   D:9 !!(!   D:10 !   Orc:2 =[(*[

Annotations:
D:9 234 broad axe 299 battleaxe


Innate Abilities, Weirdness & Mutations

You reflexively headbutt those who attack you in melee.
You have a pair of horns on your head.


Message History

The deep elf archer is heavily wounded.
You hit the deep elf mage.
The deep elf archer shoots an arrow.
The arrow hits you!!
* * * LOW HITPOINT WARNING * * *
The deep elf mage hits you but does no damage.
The deep elf archer blinks!
You feel better.
The deep elf archer shoots an arrow.
The arrow hits you!!
* * * LOW HITPOINT WARNING * * *
The deep elf archer unwields a +0 short sword.
The deep elf archer wields a +0 shortbow.
The deep elf archer shoots an arrow.
The arrow closely misses you.
The arrow closely misses the deep elf mage.
The deep elf mage hits you but does no damage.
You fade into invisibility!
The deep elf archer shoots an arrow.
The arrow hits you.
* * * LOW HITPOINT WARNING * * *
The deep elf mage closely misses you. You furiously retaliate!
You headbutt the deep elf mage!
The deep elf archer shoots an arrow.
The arrow hits you!!
You die...

####...####
##.........##
##...........
##...........
#....#.....# . #
#...###...## ... #.
##....#...).#....
#.(#).......))......
#Ye@((e..))<)......
###..)...e.........
##....#.....#....
#...###...## ...
#....#.....# ..
##.)......... #
##...........
##.........#


You could see 2 deep elf archers, a deep elf mage and an ice beast (summoned).

Vanquished Creatures
  Jorgrun (Orc:1)
  Rupert (Orc:2)
  Gastronok (Lair:1)
  An orc warlord (Orc:2)
  Josephine (Lair:6)
  6 hydras
  A death knight (D:11)
  Erica (Orc:1)
  A two-headed ogre (D:11)
  2 dancing weapons (Elf:1)
  28 death yaks
  2 orc high priests (Orc:2)
  Urug (Orc:1)
  The ghost of jasper the Slicer, a novice KoBe of Trog (D:9)
  2 deep elf archers (Elf:1)
  4 orc knights
  A lindwurm (Lair:6)
  2 ugly things (D:11)
  6 orc sorcerers
  An orb spider (Lair:2)
  3 deep elf magi (Elf:1)
  11 elephants
  A wolf spider (Lair:6)
  Maurice (D:8)
  11 black mambas
  Joseph (D:10)
  A torpor snail (Lair:6)
  A guardian serpent (Lair:6)
  Psyche (D:8)
  18 cane toads
  2 rime drakes
  9 komodo dragons
  9 trolls
  4 polar bears
  3 hornets (Lair:6)
  19 blink frogs
  2 dream sheep (Lair:6)
  A redback (Lair:6)
  A vampire (D:10)
  6 wraiths
  A spriggan (Lair:1)
  12 wyverns
  4 fire elementals
  A steam dragon (Lair:5)
  Eustachio (D:4)
  38 yaks
  4 basilisks
  Grum (D:8)
  A warg (Orc:2)
  26 water moccasins
  Duvessa (D:4)
  2 hell hounds
  3 black bears
  2 sky beasts
  2 ice beasts
  19 orc warriors
  2 necrophages (D:9)
  A phantom (D:5)
  23 wolves
  3 centaurs
  13 ogres
  14 bullfrogs
  2 big kobolds
  An earth elemental (Elf:1)
  Dowan (D:4)
  A wyvern skeleton (D:6)
  5 scorpions
  6 killer bees (D:7)
  7 wights
  A bullfrog zombie (D:11)
  Crazy Yiuf (D:2)
  8 orc priests
  6 hounds
  2 bullfrog skeletons
  A centaur skeleton (D:4)
  A gnoll shaman (D:7)
  4 jellies
  4 iguanas
  12 orc wizards
  5 worker ants
  A worker ant zombie (D:8)
  A howler monkey zombie (D:5)
  17 gnolls
  11 adders
  2 shadow imps
  3 white imps
  2 ufetubi
  5 oozes
  An adder skeleton (D:4)
  2 worms
  A dart slug (D:4)
  5 leopard geckos
  45 orcs
  3 ball pythons
  3 giant cockroaches
  9 goblins
  7 hobgoblins
  13 jackals
  5 quokkas
  14 bats
  3 frilled lizards
  A giant cockroach zombie (D:6)
  13 kobolds
  A quokka skeleton (D:5)
  10 rats
  A bush (Lair:5)
590 creatures vanquished.

Vanquished Creatures (collateral kills)
  Azrael (Orc:2)
  5 death yaks (Lair:2)
  A deep elf knight (Elf:1)
  2 orc knights (Orc:2)
  A deep elf mage (Elf:1)
  An orc sorcerer (Orc:2)
  A fire elemental (Orc:2)
  A warg (Orc:2)
  A hell hound (Orc:2)
  A water moccasin (Lair:2)
  7 orc warriors (Orc:2)
  An orc wizard (Orc:2)
  4 orcs (Orc:2)
27 creatures vanquished.

Vanquished Creatures (others)
  Nessos (Orc:2)
  A bush (Lair:4)
  39 fungi
  42 plants
  5 toadstools (D:4)
88 creatures vanquished.

Grand Total: 705 creatures vanquished

Notes
Turn   | Place    | Note
-------+----------+-------------------------------------------
     0 | D:1      | robertstho the Minotaur Berserker began the quest for the
                  | Orb.
     0 | D:1      | Reached XP level 1. HP: 19/19 MP: 0/0
   159 | D:1      | Reached XP level 2. HP: 26/27 MP: 1/1
   566 | D:1      | Reached skill level 4 in Axes
   763 | D:1      | Reached XP level 3. HP: 28/34 MP: 2/2
   859 | D:1      | Reached ** piety under Trog
  1155 | D:2      | Found a runed translucent door.
  1156 | D:2      | Noticed Crazy Yiuf
  1233 | D:2      | Found a bloodstained altar of Trog.
  1518 | D:2      | Reached XP level 4. HP: 41/41 MP: 3/3
  1954 | D:2      | Killed Crazy Yiuf
  1954 | D:2      | Reached skill level 5 in Fighting
  2190 | D:3      | Reached skill level 5 in Axes
  2190 | D:3      | Reached XP level 5. HP: 48/48 MP: 4/4
  2192 | D:3      | Found a blossoming altar of Fedhas.
  2198 | D:3      | Reached *** piety under Trog
  2418 | D:3      | Found a stormy altar of Qazlal.
  2762 | D:4      | Noticed Duvessa
  2766 | D:4      | Noticed Dowan
  2773 | D:4      | Killed Duvessa
  2773 | D:4      | Reached skill level 6 in Axes
  2773 | D:4      | Reached XP level 6. HP: 45/57 MP: 5/5
  2775 | D:4      | Killed Dowan
  2852 | D:4      | Found a shadowy altar of Dithmenos.
  2943 | D:4      | Noticed Eustachio
  2968 | D:4      | Killed Eustachio
  2968 | D:4      | Reached XP level 7. HP: 48/64 MP: 6/6
  3012 | D:4      | Reached skill level 7 in Axes
  3059 | D:4      | Found a basalt altar of Yredelemnul.
  3234 | D:5      | Entered Level 5 of the Dungeon
  3240 | D:5      | Reached skill level 5 in Armour
  3778 | D:5      | Found a staircase to the Ecumenical Temple.
  3862 | D:5      | Reached **** piety under Trog
  4144 | D:6      | Found a burning altar of Makhleb.
  4154 | D:6      | Reached skill level 8 in Axes
  4154 | D:6      | Reached XP level 8. HP: 71/73 MP: 7/7
  4458 | D:6      | Found a radiant altar of Vehumet.
  4789 | D:6      | Reached skill level 9 in Axes
  4955 | D:6      | Found a broken altar of Ashenzari.
  4967 | D:6      | Found a snail-covered altar of Cheibriados.
  4967 | D:6      | Found an opulent altar of Gozag.
  4968 | D:6      | Found a glowing golden altar of the Shining One.
  4971 | D:6      | Found a sparkling altar of Nemelex Xobeh.
  5224 | D:7      | Reached XP level 9. HP: 63/81 MP: 8/8
  5508 | D:7      | Reached ***** piety under Trog
  5512 | D:7      | Reached skill level 10 in Axes
  6069 | D:8      | Noticed Psyche
  6078 | D:8      | Killed Psyche
  6207 | D:8      | Found a hide-covered altar of Uskayaw.
  6207 | D:8      | Noticed a -2 hand axe
  6207 | D:8      | Noticed a +0 hand axe
  6225 | D:8      | Noticed Grum
  6243 | D:8      | Killed Grum
  6243 | D:8      | Reached skill level 11 in Axes
  6690 | D:8      | Noticed Maurice
  6731 | D:8      | Found Xited's Book Emporium.
  6936 | D:8      | Killed Maurice
  6936 | D:8      | Reached skill level 10 in Armour
  6936 | D:8      | Reached XP level 10. HP: 93/93 MP: 9/9
  7039 | D:9      | Found Yceurutt's Distillery.
  7042 | D:9      | Bought a potion of brilliance for 44 gold pieces
  7042 | D:9      | Bought a potion of flight for 33 gold pieces
  7042 | D:9      | Bought a potion of invisibility for 88 gold pieces
  7042 | D:9      | Bought a potion of heal wounds for 55 gold pieces
  7042 | D:9      | Bought a potion of heal wounds for 55 gold pieces
  7042 | D:9      | Bought 2 potions of cancellation for 176 gold pieces
  7097 | D:9      | Found Enyug's Distillery.
  7099 | D:9      | Found Naada's Antique Weapon Shop.
  7102 | D:9      | Found a large runed translucent door.
  7102 | D:9      | Found a large runed translucent door.
  7105 | D:9      | Noticed jasper's ghost (novice KoBe)
  7171 | D:9      | Reached skill level 10 in Fighting
  7174 | D:9      | Reached skill level 1 in Throwing
  7289 | D:9      | Noticed a cacodemon
  7290 | D:9      | Found a burning altar of Makhleb.
  7293 | D:9      | Found a glowing silver altar of Zin.
  7293 | D:9      | Noticed an angel
  7335 | D:9      | Found Minkis's Distillery.
  7339 | D:9      | Bought a potion of stabbing for 40 gold pieces
  7916 | D:10     | Entered Level 10 of the Dungeon
  7923 | D:10     | Found Qon Kuco's Distillery.
  7952 | D:10     | Received a gift from Trog
  7989 | D:10     | Found a staircase to the Orcish Mines.
  8013 | D:10     | Found a staircase to the Lair.
  8013 | D:10     | Noticed an elephant
  8014 | D:10     | Noticed Joseph
  8022 | D:10     | Killed an elephant
  8025 | D:10     | Killed Joseph
  8300 | D:10     | Reached skill level 12 in Axes
  8482 | D:11     | Noticed a two-headed ogre
  8488 | D:11     | Killed a two-headed ogre
  8488 | D:11     | Reached XP level 11. HP: 69/102 MP: 10/10
  8979 | D:11     | Noticed a death knight
  8996 | D:11     | Killed a death knight
  9410 | D:11     | Reached skill level 13 in Axes
  9630 | D:11     | Noticed a red ugly thing
  9636 | D:11     | Killed a red ugly thing
  9636 | D:11     | Received a gift from Trog
  9789 | D:11     | Noticed a white ugly thing
  9795 | D:11     | Killed a white ugly thing
 10056 | Lair:1   | Entered Level 1 of the Lair of Beasts
 10134 | Lair:1   | Noticed Gastronok
 10151 | Lair:1   | Killed Gastronok
 10154 | Lair:1   | Reached skill level 14 in Axes
 10156 | Lair:1   | Reached XP level 12. HP: 29/113 MP: 11/11
 11958 | Lair:2   | Noticed a death yak
 11960 | Lair:2   | Noticed a death yak
 11960 | Lair:2   | Noticed a death yak
 11961 | Lair:2   | Noticed a death yak
 11962 | Lair:2   | Noticed a death yak
 11966 | Lair:2   | Killed a death yak
 11969 | Lair:2   | Killed a death yak
 11971 | Lair:2   | Killed a death yak
 11976 | Lair:2   | Killed a death yak
 11979 | Lair:2   | Killed a death yak
 12057 | Lair:2   | Noticed a death yak
 12058 | Lair:2   | Noticed a death yak
 12058 | Lair:2   | Noticed a death yak
 12059 | Lair:2   | Noticed a death yak
 12060 | Lair:2   | Noticed a death yak
 12062 | Lair:2   | Noticed a death yak
 12067 | Lair:2   | Killed a death yak
 12067 | Lair:2   | Reached skill level 15 in Axes
 12067 | Lair:2   | Reached skill level 1 in Stealth
 12073 | Lair:2   | Killed a death yak
 12074 | Lair:2   | Killed a death yak
 12075 | Lair:2   | Killed a death yak
 12077 | Lair:2   | Killed a death yak
 12079 | Lair:2   | Killed a death yak
 12221 | Lair:2   | Noticed a four-headed hydra
 12231 | Lair:2   | Killed a one-headed hydra
 12379 | Lair:2   | Reached XP level 13. HP: 94/124 MP: 12/12
 12585 | Lair:2   | Found a hole to the Spider Nest.
 13292 | Lair:3   | Reached skill level 16 in Axes
 14213 | Lair:3   | Got a jewelled plate armour
 14226 | Lair:3   | Identified the +1 plate armour of Gikkiutz {MR+} (You found
                  | it on level 3 of the Lair of Beasts)
 14392 | D:9      | Bought a blackened battleaxe for 299 gold pieces
 14392 | D:9      | Identified the cursed +3 battleaxe of the Scavenger
                  | {vorpal, rF++} (You bought it in a shop on level 9 of the
                  | Dungeon)
 14455 | Orc:1    | Entered Level 1 of the Orcish Mines
 14460 | Orc:1    | Received a gift from Trog
 14718 | Orc:2    | Entered Level 2 of the Orcish Mines
 14725 | Orc:2    | Noticed Nessos
 14734 | Orc:2    | Killed Nessos
 14761 | Orc:2    | Noticed Azrael
 14766 | Orc:2    | Killed Azrael
 14774 | Orc:2    | Noticed Urug
 15211 | D:9      | Bought a pitted broad axe for 234 gold pieces
 15211 | D:9      | Identified the +10 broad axe "Gemyixis" {freeze, rElec
                  | Int+3} (You bought it in a shop on level 9 of the Dungeon)
 15232 | D:9      | Killed jasper's ghost
 15232 | D:9      | Reached skill level 15 in Fighting
 15540 | Lair:4   | Found a staircase to the Shoals.
 15796 | Lair:4   | Reached skill level 5 in Dodging
 16551 | Lair:5   | Reached skill level 15 in Armour
 16558 | Lair:5   | Reached skill level 17 in Axes
 16955 | Lair:5   | Reached XP level 14. HP: 135/135 MP: 13/13
 17245 | Lair:5   | Received a gift from Trog
 17805 | Lair:6   | Entered Level 6 of the Lair of Beasts
 17805 | Lair:6   | Found a staircase to the Slime Pits.
 18245 | Lair:6   | Reached skill level 18 in Axes
 19608 | Lair:6   | Paralysed by a hornet for 1 turns
 19929 | Lair:6   | Noticed Josephine
 19942 | Lair:6   | Killed Josephine
 20570 | Lair:6   | Reached XP level 15. HP: 133/147 MP: 14/14
 20577 | Lair:6   | Received a gift from Trog
 21578 | Orc:1    | Killed Urug
 21843 | Orc:2    | Found Yhaekuom's Jewellery Shop.
 21936 | Orc:2    | Found Nuimymmu's Antique Armour Emporium.
 21947 | Orc:2    | Bought a masterwork chain mail for 256 gold pieces
 21957 | Orc:2    | Identified the cursed +0 chain mail of the Pits of Slime
                  | {Regen+} (You bought it in a shop on level 2 of the Orcish
                  | Mines)
 21961 | Orc:2    | Found Runabbugie's Antique Weapon Shop.
 22016 | Orc:2    | Noticed Rupert
 22039 | Orc:2    | Killed Rupert
 22220 | Orc:2    | Found a staircase to the Elven Halls.
 22236 | Orc:2    | Found Qyegg's General Store.
 22236 | Orc:2    | Noticed an orc warlord
 22251 | Orc:2    | Killed an orc warlord
 22581 | Orc:2    | Bought a scroll of magic mapping for 42 gold pieces
 22871 | Orc:2    | Found Xeubly's Armour Shop.
 22973 | Orc:1    | Noticed Erica
 22981 | Orc:1    | Killed Erica
 23283 | Orc:1    | Noticed Jorgrun
 23296 | Orc:1    | Killed Jorgrun
 23591 | Elf:1    | Entered Level 1 of the Elven Halls
 23594 | Elf:1    | Reached skill level 19 in Axes
 23633 | Elf:1    | Shot with an arrow by a deep elf archer

Illustrated notes

Levels and vault maps discovered:
D:1:      matt_arrival_spirals, layout_basic
D:2:      kb_forest_paths, layout_basic, trog_three_pillars_becter,
          uniq_crazy_yiuf_cottage
D:3:      layout_rooms, grunt_temple_overflow_forces_of_nature,
          minmay_misc_feat_iff
D:4:      layout_gridville, lemuel_round_altar, old_standard_altar,
          minmay_gold_behind_fungi, uniq_duvessa, uniq_eustachio
D:5:      layout_gridville, lemuel_temple_firewalk_b, minmay_misc_feat_pillars
D:6:      layout_basic, vehumet_altar_wand_db, minitemple,
          cheibrodos_sewer_entry_bend, basic_altar
D:7:      layout_cave_pools
D:8:      layout_cave_pools, dancing_weapons_uskayaw, serial_shops, shop,
          uniq_maurice, uniq_grum, uniq_psyche
D:9:      layout_basic, grunt_temple_overflow_order_and_chaos_2, serial_shops,
          shop, nicolae_shop_crystal, shop, shop, ebering_ghost_disaster_area
D:10:     layout_roguey, david_lair_generic, orc_0_dummy, serial_shops,
          nicolae_shop_stone, serial_bayou_pond_d, uniq_joseph
D:11:     layout_roguey
Lair:1:   layout_layer_cave, grunt_forest_large_clearing_hut, uniq_gastronok
Lair:2:   layout_misc_corridors, nicolae_spider_entry_orb_guardian
Lair:3:   layout_cave_pods, grunt_megastairs_5
Lair:4:   layout_concentric_octagons, elwin_shoals_entry_rocks
Lair:5:   layout_regular_city
Lair:6:   hangedman_lair_tendril_chambers, layout_regular_city, slime_dummy,
          serial_bayou_pond_c, uniq_josephine
Orc:1:    layout_diamond_mine, uniq_erica, uniq_jorgrun
Orc:2:    grunt_orc_gardens, layout_caves, grunt_orc_garden, grunt_orc_garden,
          grunt_orc_garden, grunt_orc_garden, serial_shops, shop, uniq_rupert,
          uniq_urug, uniq_nessos, uniq_azrael
Elf:1:    minmay_elf_arrival_circle, layout_loops_corners, minmay_elf_sorcery,
          minivault_27

Skill      XL: |  1  2  3  4  5  6  7  8  9 10 11 12 13 14 15 |
---------------+----------------------------------------------+-----
Fighting       | 4 5 6 7 8 9 11 12 14 15 17 18 | 18.0
Axes           | 4 5 6 8 9 11 12 14 15 17 18 19 | 19.1
Armour         | 3 4 6 8 10 11 12 13 15 16 17 | 17.2
Dodging        | 3 4 5 |  5.3
Throwing       | 2 |  2.2
Stealth        | 1 |  1.8

Action                   |  1- 3 |  4- 6 |  7- 9 | 10-12 | 13-15 || total
-------------------------+-------+-------+-------+-------+-------++-------
Melee: Hand axe          |    89 |   144 |   288 |       |       ||   521
       Headbutt          |    11 |    21 |    85 |    63 |   130 ||   310
       War axe           |       |       |    90 |    62 |       ||   152
       Battleaxe         |       |       |       |   249 |   616 ||   865
       Broad axe         |       |       |       |       |    20 ||    20
Throw: Dart              |       |       |     6 |       |       ||     6
Invok: Berserk           |       |     1 |     2 |     7 |    12 ||    22
       Brothers in Arms  |       |       |       |     1 |     4 ||     5
       Trog's Hand       |       |       |       |     1 |     1 ||     2
  Use: Scroll            |       |     2 |    15 |     6 |     6 ||    29
       Potion            |       |       |     1 |       |    13 ||    14
Armor: Animal skin       |     6 |       |       |       |       ||     6
       Chain mail        |    35 |    75 |   211 |   132 |    36 ||   489
       Plate armour      |       |       |       |       |   285 ||   285
       Scale mail        |       |       |       |       |    10 ||    10
Dodge: Dodged            |    44 |    61 |   155 |   136 |   272 ||   668
Block: Other             |       |     6 |    77 |    53 |   152 ||   288
       Reflection        |       |       |     2 |     2 |     4 ||     8

Table legend: (Time is in decaauts)
 A = Elapsed time spent in this place.
 B = Non-inter-level travel time spent in this place.
 C = Inter-level travel time spent in this place.
 D = Time resting spent in this place.
 E = Time spent auto-exploring this place.
 F = Levels seen in this place.
 G = Mean time per level.
                   A        B        C        D        E       F      G
               +--------+--------+--------+--------+--------+-----+--------+
         Total |  23749 |  22120 |   1629 |   2365 |  16712 |  20 | 1187.4 |
       Dungeon |  10943 |  10070 |    873 |    650 |   7832 |  11 |  994.8 |
          Lair |  10243 |   9649 |    594 |   1292 |   7360 |   6 | 1707.2 |
  Orcish Mines |   2524 |   2362 |    162 |    422 |   1518 |   2 | 1262.0 |
   Elven Halls |     37 |     37 |      0 |      0 |      0 |   1 |   37.0 |
               +--------+--------+--------+--------+--------+-----+--------+

Top non-repeatable levels by time:
  Lair:6: 2900 daAuts
  Lair:1: 1968 daAuts
  Lair:5: 1952 daAuts
    D:11: 1577 daAuts
   Orc:2: 1502 daAuts
    D:10: 1262 daAuts
     D:6: 1208 daAuts
  Lair:3: 1163 daAuts
  Lair:2: 1135 daAuts
     D:8: 1133 daAuts
  Lair:4: 1122 daAuts
     D:1: 1077 daAuts
     D:9: 1056 daAuts
   Orc:1: 1021 daAuts
     D:2: 970 daAuts
